 Dungeon Crawl Stone Soup version 0.29.0-4-gdea44cf6ec (webtiles) character file.

Game seed: 7725720940510235631

76680 qw the Severer (level 15, -17/147 HPs)
             Began as a Minotaur Berserker on Sept 5, 2022.
             Was a Priest of Trog.
             Demolished by an ice devil (19 damage)
             ... summoned by an obsidian statue
             ... on level 15 of the Dungeon.
             The game lasted 00:09:30 (28251 turns).

qw the Severer (Minotaur Berserker)                Turns: 28251, Time: 00:09:30

Health: -17/147    AC: 39    Str: 31      XL:     15   Next: 13%
Magic:  4/4        EV: 14    Int:  3 (4)  God:    Trog [***...]
Gold:   172        SH: 11    Dex: 10 (11) Spells: 14/14 levels left

rFire   + . .      SeeInvis .   Y - +4 broad axe (antimagic)
rCold   . . .      Faith    .   s - +0 buckler
rNeg    . . .      Spirit   .   y - +5 plate armour {rF+}
rPois   .          Reflect  +   (helmet restricted)
rElec   .          Harm     .   c - +2 cloak
rCorr   .          Rampage  .   v - +2 pair of gloves {Str+3}
Will    +....                   d - +2 pair of boots
Stlth   ..........              o - amulet of reflection
HPRegen 0.34/turn               b - +4 ring of evasion
MPRegen 0.09/turn               h - +4 ring of protection

@: on fire, on berserk cooldown, slowed, glowing, very slow
A: horns 2, retaliatory headbutt, iridescent scales 1, wild magic 1, no potion
heal 1, MP-powered wands, devolution 1
a: Renounce Religion, Berserk, Trog's Hand


You were on level 15 of the Dungeon.
You worshipped Trog.
Trog was most pleased with you.
You visited 2 branches of the dungeon, and saw 20 of its levels.
You also visited: Gauntlet.

You collected 1650 gold pieces.
You spent 1478 gold pieces at shops.


Innate Abilities, Weirdness & Mutations

You have a pair of horns on your head.
You reflexively headbutt those who attack you in melee.
You are partially covered in iridescent scales. (AC +2)
Your spells are a little harder to cast, but a little more powerful.
Potions are less effective at restoring your health.
You expend magic power (3 MP) to strengthen your wands.
You have hidden genetic defects.


   Skills:
 + Level 17.4 Fighting
 - Level 18.0 Axes
 - Level 4.7 Throwing
 - Level 16.0 Armour
 - Level 7.0 Dodging
 - Level 10.7 Shields


You had 14 spell levels left.
You didn't know any spells.
Your spell library was empty.

Inventory:

Hand Weapons
 q - a +0 morningstar
 Y - a +4 antimagic broad axe (weapon)
Armour
 c - a +2 cloak (worn)
 d - a +2 pair of boots (worn)
 f - a +1 buckler of reflection
 s - a +0 buckler (worn)
 v - a +2 pair of gloves of strength (worn)
 y - a +5 plate armour of fire resistance (worn)
Jewellery
 b - a +4 ring of evasion (left hand)
 h - a +4 ring of protection (right hand)
 o - an amulet of reflection (around neck)
 p - the ring of Veufosh {rN+ Will- Dex+10}
   (You found it in a Gauntlet)

   [ring of positive energy]

   Dex:       It affects your dexterity (+10).
   rN:        It protects you from negative energy.
   Will:      It decreases your willpower.
 t - a ring of fire
Scrolls
 e - a scroll of acquirement {unknown}
 i - 11 scrolls of identify
Potions
 g - 10 potions of curing
 j - 2 potions of haste
 m - 7 potions of mutation
 n - 2 potions of resistance
 r - a potion of might

Dungeon Overview and Level Annotations

Branches:
Dungeon (15/15)            Temple (0/1) D:7            Lair (5/5) D:9
  Swamp (0/4) Lair:3       Spider (0/4) Lair:3        Slime (0/5) Lair:4
    Orc (0/2) D:11         Vaults (0/5) D:14         Depths (0/4) D:15
Gauntlet (visited)

Altars:
Ashenzari
Cheibriados
Dithmenos
Fedhas
Hepliaklqana
Kikubaaqudgha
Makhleb
Nemelex Xobeh
Qazlal
Trog
Uskayaw
Vehumet
Wu Jian
Xom
Yredelemnul
Zin
The Shining One
Jiyva

Shops:
D:11 *!?   D:13 [

Annotations:
D:9 3 runed translucent doors, qw's ghost, novice TrCA


Message History

The crimson imp is severely wounded.
You are no longer entranced.
The obsidian statue's eyes glow briefly.
The obsidian statue attempts to bespell you!
You resist.
The crimson imp blinks!
The obsidian statue's eyes glow briefly.
The orange demon misses you.
The obsidian statue's eyes glow briefly.
The obsidian statue attempts to bespell you!
You resist.
You see here a box of beasts.
The crimson imp's magic is no longer disrupted.
The orange demon misses you. You furiously retaliate!
You headbutt the orange demon, but do no damage.
The orange demon hits you but does no damage.
The smoke demon gestures at you.
The sticky flame hits you but does no damage.
You are covered in liquid flames!
The crimson imp blinks!
You block the orange demon's attack. The orange demon misses you.
The obsidian statue's eyes glow briefly.
You see here a staff of fire.
You slash the orange demon!
The orange demon is moderately wounded.
You hit the ice devil.
You are covered in liquid flames!
The smoke demon disappears in a puff of smoke!
The ice devil completely misses you.
The orange demon stings you but does no damage.
You block the orange demon's attack. The neqoxec gestures at you.
You feel dopey. Something feeds on your intellect!
You hit the orange demon.
You headbutt the orange demon, but do no damage.
The orange demon is heavily wounded.
You closely miss the ice devil.
You are covered in liquid flames!
The ice devil hits you! The ice devil freezes you!!
You die...

#.............###......
#.......##......#......
#.......#######........
#####....#### ####....#
#####."})...######.##.#
#...(?###.......##.##.#
#.#..ยค#8#3.####....##.#
##....5###[....#.#####..
.......4@4/.###.#.# ##.
#####.##....# ### ##
#...........
####.##.#### #.##.#
#....# ######


You could see an obsidian statue, an orange demon (summoned), an ice devil
(summoned), a neqoxec (summoned) and a crimson imp (summoned).

Vanquished Creatures
  Rupert (D:13)
  A dire elephant (Gauntlet)
  A minotaur (Gauntlet)
  A fire dragon (D:14)
  Snorg (D:14)
  2 hydras
  8 two-headed ogres
  An ogre mage (D:15)
  6 boulder beetles
  4 centaur warriors
  2 tengu warriors
  Sonja (Lair:1)
  A fire crab (Gauntlet)
  2 deep trolls (D:15)
  3 wizards
  2 necromancers (D:15)
  A deep elf pyromancer (D:12)
  3 orc knights
  4 ugly things
  2 orc sorcerers (D:15)
  3 oklob plants (Lair:4)
  2 manticores
  14 elephants
  An apocalypse crab (Gauntlet)
  3 black mambas
  Joseph (D:10)
  4 molten gargoyles (D:9)
  A smoke demon (D:10)
  2 torpor snails
  2 gargoyles
  14 cane toads
  An unseen horror (shapeshifter) (D:15)
  An unseen horror (D:10)
  A komodo dragon (Lair:3)
  3 tengu conjurers
  A rime drake (Lair:3)
  2 ice devils (Lair:2)
  5 hornets (Lair:5)
  3 trolls
  4 polar bears
  7 blink frogs
  Grinder (D:5)
  A tarantella (shapeshifter) (D:13)
  15 spriggans (Lair:5)
  3 shadows
  51 yaks
  2 wraiths
  2 fire bats (Gauntlet)
  3 wyverns
  16 humans (D:14)
  5 basilisks
  3 steam dragons
  17 vampire mosquitoes
  4 acid dragons
  A warg (D:13)
  19 water moccasins
  A swamp drake (Lair:3)
  8 orc warriors
  An ice beast (D:7)
  8 black bears
  2 sky beasts (D:6)
  4 ogres
  3 boggarts (Lair:5)
  21 wolves
  10 centaurs
  2 phantoms
  A kobold brigand (D:10)
  6 bullfrogs
  4 necrophages
  10 scorpions
  3 wights (D:8)
  16 killer bees
  2 jellies
  A lava snake (D:9)
  2 hounds (D:5)
  5 orc priests
  A gnoll bouda (D:8)
  Jessica (D:2)
  13 orc wizards
  4 iguanas
  3 gnolls (D:8)
  15 adders
  3 white imps
  2 ufetubi
  A worm (D:3)
  3 dart slugs
  41 orcs
  8 ball pythons
  11 endoplasms
  5 giant cockroaches
  7 goblins
  7 hobgoblins
  8 jackals
  8 kobolds
  5 quokkas
  A bat (D:2)
  3 frilled lizards
  3 rats
528 creatures vanquished.

Vanquished Creatures (collateral kills)
  2 hydras
  A spriggan (Lair:5)
  A komodo dragon (Lair:5)
  A hornet (Lair:5)
  A yak (Lair:2)
6 creatures vanquished.

Vanquished Creatures (others)
  2 orc wizards (D:9)
  A white imp (D:7)
  2 orcs
  A kobold (D:10)
  55 fungi
  73 plants
134 creatures vanquished.

Grand Total: 668 creatures vanquished

Notes
Turn   | Place    | Note
-------+----------+-------------------------------------------
     0 | D:1      | qw the Minotaur Berserker began the quest for the Orb.
     0 | D:1      | Reached XP level 1. HP: 19/19 MP: 0/0
     0 | D:1      | 0 ||| qw: Version: 0.1-a-104-g96f76f8
     0 | D:1      | 0 ||| qw: Game counter: 5953
     0 | D:1      | 0 ||| qw: Always use a shield: true
     0 | D:1      | 0 ||| qw: Do Orc after D:15 true
     0 | D:1      | 0 ||| qw: Do second Lair branch before Depths: true
     0 | D:1      | 0 ||| qw: Lair rune preference: random
     0 | D:1      | 0 ||| qw: Plans: Normal
     0 | D:1      | 0 ||| PLANNING D:1-11
   207 | D:1      | Found a faded altar of an unknown god.
   213 | D:1      | Reached skill level 4 in Axes
   226 | D:1      | Reached XP level 2. HP: 24/26 MP: 1/1
   467 | D:1      | 467 ||| UPGRADING to +0 leather armour.
   479 | D:1      | 479 ||| DROPPING +0 animal skin.
   841 | D:1      | 841 ||| DROPPING orb of energy.
  1008 | D:1      | 1008 ||| UPGRADING to +0 ring mail.
  1018 | D:1      | 1018 ||| DROPPING +0 leather armour.
  1211 | D:1      | 1211 ||| READING scroll labelled YGUCOWK ZOFEOB.
  1212 | D:1      | 1212 ||| READING scroll labelled ESTULLO FEAM.
  1213 | D:1      | 1213 ||| READING scroll labelled SYULOM MACITIS.
  1216 | D:1      | 1216 ||| READING scroll labelled HOMIBAXT GUTH.
  1295 | D:2      | Reached skill level 5 in Axes
  1295 | D:2      | Reached XP level 3. HP: 31/31 MP: 2/2
  1324 | D:2      | 1324 ||| Stepping ~*~*~tactically~*~*~ (stealth).
  1468 | D:2      | Noticed Jessica
  1469 | D:2      | 1469 ||| Stepping ~*~*~tactically~*~*~ (hiding).
  1478 | D:2      | Killed Jessica
  1509 | D:2      | Reached ** piety under Trog
  1763 | D:2      | Reached skill level 6 in Axes
  1763 | D:2      | Reached XP level 4. HP: 37/39 MP: 3/3
  1934 | D:2      | 1934 ||| FLEEEEING.
  1935 | D:2      | 1935 ||| FLEEEEING.
  1950 | D:2      | 1950 ||| FLEEEEING.
  1951 | D:2      | 1951 ||| FLEEEEING.
  2211 | D:2      | 2211 ||| UPGRADING to +0 pair of gloves.
  2216 | D:2      | 2216 ||| UPGRADING to +4 ring of evasion.
  2217 | D:2      | 2217 ||| READING scroll labelled GIRROIL NYJI.
  2218 | D:2      | 2218 ||| READING scroll labelled YRUTEL PATYL.
  2219 | D:2      | 2219 ||| READING scroll labelled DOH KATEUPHOPTO.
  2273 | D:3      | 2273 ||| Stepping ~*~*~tactically~*~*~ (stealth).
  2285 | D:3      | 2285 ||| INVOKING Berserk.
  2437 | D:3      | Noticed a phantom
  2455 | D:3      | Killed a phantom
  2456 | D:3      | Reached skill level 7 in Axes
  2456 | D:3      | Reached XP level 5. HP: 36/45 MP: 4/4
  2532 | D:3      | 2532 ||| Stepping ~*~*~tactically~*~*~ (stealth).
  2550 | D:3      | 2550 ||| Stepping ~*~*~tactically~*~*~ (stealth).
  2561 | D:3      | 2561 ||| Stepping ~*~*~tactically~*~*~ (stealth).
  2667 | D:3      | 2667 ||| INVOKING Berserk.
  2781 | D:3      | 2781 ||| DROPPING +0 whip of venom.
  3073 | D:3      | 3073 ||| Stepping ~*~*~tactically~*~*~ (stealth).
  3101 | D:3      | 3101 ||| Stepping ~*~*~tactically~*~*~ (hiding).
  3104 | D:3      | 3104 ||| INVOKING Berserk.
  3109 | D:3      | Reached skill level 8 in Axes
  3109 | D:3      | Reached XP level 6. HP: 52/52 MP: 5/5
  3256 | D:3      | Reached *** piety under Trog
  3373 | D:3      | 3373 ||| Stepping ~*~*~tactically~*~*~ (stealth).
  3374 | D:3      | 3374 ||| Stepping ~*~*~tactically~*~*~ (stealth).
  3438 | D:3      | 3438 ||| UPGRADING to +0 scale mail.
  3448 | D:3      | 3448 ||| DROPPING +0 ring mail.
  3449 | D:3      | 3449 ||| READING 4 scrolls labelled OGOOMPU ZOID.
  3594 | D:3      | 3594 ||| READING scroll labelled VIRUFEIVIU.
  3695 | D:3      | 3695 ||| DRINKING 3 blue potions.
  3696 | D:3      | 3696 ||| DRINKING 3 grey potions.
  3696 | D:3      | Gained mutation: You have sharp fingernails. [potion of
                  | mutation]
  3696 | D:3      | Gained mutation: You are clumsy. (Dex -2) [potion of
                  | mutation]
  3697 | D:3      | 3697 ||| READING 5 scrolls of identify.
  3697 | D:3      | 3697 ||| IDENTIFYING bubbling orange potion
  3698 | D:3      | 3698 ||| READING 4 scrolls of identify.
  3698 | D:3      | 3698 ||| IDENTIFYING green potion
  3699 | D:3      | 3699 ||| READING 3 scrolls of identify.
  3699 | D:3      | 3699 ||| IDENTIFYING sedimented dark potion
  3700 | D:3      | 3700 ||| READING 2 scrolls of identify.
  3700 | D:3      | 3700 ||| IDENTIFYING fizzy pink potion
  3701 | D:3      | 3701 ||| DROPPING potion of brilliance.
  3702 | D:3      | 3702 ||| DROPPING 3 scrolls of torment.
  3703 | D:3      | 3703 ||| DROPPING potion of invisibility.
  3704 | D:3      | 3704 ||| DROPPING potion of attraction.
  3810 | D:4      | 3810 ||| INVOKING Berserk.
  3828 | D:4      | 3828 ||| FLEEEEING.
  3829 | D:4      | 3829 ||| FLEEEEING.
  3830 | D:4      | 3830 ||| STAIRDANCE
  3962 | D:4      | 3962 ||| Stepping ~*~*~tactically~*~*~ (stealth).
  3963 | D:4      | 3963 ||| Stepping ~*~*~tactically~*~*~ (stealth).
  3965 | D:4      | 3965 ||| Stepping ~*~*~tactically~*~*~ (stealth).
  3971 | D:4      | 3971 ||| Stepping ~*~*~tactically~*~*~ (stealth).
  3983 | D:4      | 3983 ||| FLEEEEING.
  3984 | D:4      | 3984 ||| FLEEEEING.
  3985 | D:4      | 3985 ||| STAIRDANCE
  4063 | D:3      | 4063 ||| UPGRADING to +0 chain mail.
  4073 | D:3      | 4073 ||| DROPPING +0 scale mail.
  4076 | D:4      | 4076 ||| STAIRDANCE
  4086 | D:4      | 4086 ||| STAIRDANCE
  4095 | D:4      | Reached skill level 9 in Axes
  4098 | D:4      | 4098 ||| INVOKING Berserk.
  4100 | D:4      | Reached skill level 3 in Armour
  4100 | D:4      | 4100 ||| STAIRDANCE
  4104 | D:3      | HP: 13/52 [poisoned by a scorpion]
  4382 | D:4      | Reached XP level 7. HP: 60/60 MP: 6/6
  4447 | D:4      | 4447 ||| Stepping ~*~*~tactically~*~*~ (hiding).
  4449 | D:4      | 4449 ||| Stepping ~*~*~tactically~*~*~ (hiding).
  4460 | D:4      | 4460 ||| INVOKING Berserk.
  4471 | D:4      | Reached skill level 10 in Axes
  4549 | D:4      | Found a glowing silver altar of Zin.
  4700 | D:4      | Found a sparkling altar of Nemelex Xobeh.
  4712 | D:4      | Found a broken altar of Ashenzari.
  4713 | D:4      | Found a snail-covered altar of Cheibriados.
  4715 | D:4      | Found a stormy altar of Qazlal.
  4787 | D:4      | 4787 ||| READING scroll labelled ZAUSCHE YPURPHIKK.
  4799 | D:5      | Entered Level 5 of the Dungeon
  4799 | D:5      | Noticed Grinder
  4800 | D:5      | 4800 ||| INVOKING Trog's Hand.
  4801 | D:5      | 4801 ||| INVOKING Berserk.
  4819 | D:5      | Killed Grinder
  4820 | D:5      | Reached skill level 6 in Fighting
  4820 | D:5      | Reached XP level 8. HP: 71/71 MP: 7/7
  4962 | D:5      | 4962 ||| Stepping ~*~*~tactically~*~*~ (stealth).
  4973 | D:5      | 4973 ||| INVOKING Berserk.
  5048 | D:5      | 5048 ||| DROPPING +0 flail.
  5110 | D:5      | Found a shadowy altar of Dithmenos.
  5200 | D:5      | Reached skill level 11 in Axes
  5275 | D:5      | 5275 ||| Stepping ~*~*~tactically~*~*~ (stealth).
  5407 | D:5      | 5407 ||| UPGRADING to +4 ring of protection.
  5536 | D:6      | Found a hide-covered altar of Uskayaw.
  5553 | D:6      | Found a radiant altar of Vehumet.
  5612 | D:6      | 5612 ||| Stepping ~*~*~tactically~*~*~ (stealth).
  5738 | D:6      | Reached skill level 12 in Axes
  5786 | D:6      | 5786 ||| INVOKING Berserk.
  6086 | D:6      | Found an ornate altar of the Wu Jian Council.
  6201 | D:6      | 6201 ||| UPGRADING to amulet of reflection.
  6206 | D:6      | 6206 ||| DROPPING ring of willpower.
  6207 | D:6      | 6207 ||| DRINKING 2 viscous brown potions.
  6261 | D:6      | 6261 ||| DRINKING 2 brown potions.
  6262 | D:6      | 6262 ||| DROPPING potion of lignification.
  6263 | D:6      | 6263 ||| DROPPING potion of flight.
  6349 | D:7      | 6349 ||| Stepping ~*~*~tactically~*~*~ (hiding).
  6358 | D:7      | Reached skill level 1 in Throwing
  6455 | D:7      | Reached XP level 9. HP: 69/79 MP: 8/8
  6540 | D:7      | 6540 ||| Stepping ~*~*~tactically~*~*~ (stealth).
  6748 | D:7      | Noticed a two-headed ogre
  6752 | D:7      | 6752 ||| INVOKING Berserk.
  6758 | D:7      | Killed a two-headed ogre
  6759 | D:7      | Reached skill level 13 in Axes
  6905 | D:7      | 6905 ||| DROPPING +1 flail of protection.
  7015 | D:7      | 7015 ||| Stepping ~*~*~tactically~*~*~ (cloud).
  7020 | D:7      | 7020 ||| INVOKING Berserk.
  7182 | D:7      | Found a staircase to the Ecumenical Temple.
  7197 | D:7      | Reached skill level 14 in Axes
  7209 | D:7      | Reached skill level 9 in Fighting
  7434 | D:7      | 7434 ||| INVOKING Berserk.
  7603 | D:7      | Reached skill level 6 in Armour
  7603 | D:7      | Reached XP level 10. HP: 88/91 MP: 9/9
  7682 | D:7      | Found a blossoming altar of Fedhas.
  7905 | D:7      | 7905 ||| DROPPING +6 ring of intelligence.
  7906 | D:7      | 7906 ||| DRINKING 2 lumpy cyan potions.
  7907 | D:7      | 7907 ||| DRINKING 2 fuming grey potions.
  7908 | D:7      | 7908 ||| READING 2 scrolls of identify.
  7908 | D:7      | 7908 ||| IDENTIFYING inky potion
  7909 | D:7      | 7909 ||| DROPPING potion of ambrosia.
  7910 | D:7      | 7910 ||| DROPPING potion of degeneration.
  7943 | D:8      | 7943 ||| STAIRDANCE
  8171 | D:8      | 8171 ||| INVOKING Berserk.
  8354 | D:8      | Found a hazy altar of Hepliaklqana.
  8512 | D:8      | Reached **** piety under Trog
  8539 | D:8      | 8539 ||| SWAPPING to +0 war axe of freezing.
  8540 | D:8      | 8540 ||| DROPPING +0 hand axe.
  8595 | D:8      | 8595 ||| Stepping ~*~*~tactically~*~*~ (hiding).
  8690 | D:8      | 8690 ||| Stepping ~*~*~tactically~*~*~ (stealth).
  8691 | D:8      | 8691 ||| Stepping ~*~*~tactically~*~*~ (stealth).
  8816 | D:8      | Reached skill level 15 in Axes
  9027 | D:8      | 9027 ||| READING scroll labelled CIAZY POS ONN.
  9028 | D:8      | 9028 ||| READING 2 scrolls of identify.
  9028 | D:8      | 9028 ||| IDENTIFYING fizzy red potion
  9112 | D:9      | Found an ancient bone altar of Kikubaaqudgha.
  9180 | D:9      | 9180 ||| FLEEEEING.
  9181 | D:9      | 9181 ||| FLEEEEING.
  9185 | D:9      | 9185 ||| FLEEEEING.
  9186 | D:9      | 9186 ||| FLEEEEING.
  9191 | D:9      | 9191 ||| FLEEEEING.
  9192 | D:9      | 9192 ||| FLEEEEING.
  9193 | D:9      | 9193 ||| FLEEEEING.
  9194 | D:9      | 9194 ||| FLEEEEING.
  9195 | D:9      | 9195 ||| FLEEEEING.
  9196 | D:9      | 9196 ||| FLEEEEING.
  9197 | D:9      | 9197 ||| FLEEEEING.
  9198 | D:9      | 9198 ||| FLEEEEING.
  9199 | D:9      | 9199 ||| FLEEEEING.
  9205 | D:9      | 9205 ||| STAIRDANCE
  9252 | D:9      | 9252 ||| INVOKING Berserk.
  9409 | D:9      | 9409 ||| Stepping ~*~*~tactically~*~*~ (stealth).
  9424 | D:9      | Found a runed translucent gate.
  9425 | D:9      | Found a runed translucent gate.
  9426 | D:9      | Found a runed translucent gate.
  9427 | D:9      | Noticed a spectral centaur warrior
  9428 | D:9      | Noticed qw's ghost (novice TrCA)
  9569 | D:9      | Noticed a molten gargoyle
  9570 | D:9      | 9570 ||| FLEEEEING.
  9571 | D:9      | 9571 ||| FLEEEEING.
  9572 | D:9      | 9572 ||| FLEEEEING.
  9573 | D:9      | 9573 ||| FLEEEEING.
  9574 | D:9      | 9574 ||| FLEEEEING.
  9575 | D:9      | 9575 ||| FLEEEEING.
  9576 | D:9      | 9576 ||| FLEEEEING.
  9577 | D:9      | 9577 ||| FLEEEEING.
  9585 | D:9      | Killed a molten gargoyle
  9586 | D:9      | Reached skill level 16 in Axes
  9728 | D:9      | Noticed a molten gargoyle
  9729 | D:9      | Noticed a molten gargoyle
  9729 | D:9      | Noticed a molten gargoyle
  9733 | D:9      | 9733 ||| INVOKING Berserk.
  9734 | D:9      | Killed a molten gargoyle
  9735 | D:9      | HP: 34/136 [lava snake/glob of lava (8)]
  9738 | D:9      | Killed a molten gargoyle
  9739 | D:9      | HP: 16/139 [lava snake (3)]
  9740 | D:9      | Killed a molten gargoyle
  9975 | D:9      | 9975 ||| Stepping ~*~*~tactically~*~*~ (stealth).
  9977 | D:9      | 9977 ||| Stepping ~*~*~tactically~*~*~ (stealth).
 10141 | D:9      | Found a staircase to the Lair.
 10142 | D:9      | 10142 ||| INVOKING Berserk.
 10189 | D:9      | 10189 ||| Stepping ~*~*~tactically~*~*~ (stealth).
 10211 | D:9      | Noticed a spectral centaur warrior
 10211 | D:9      | Noticed a spectral wolf spider
 10227 | D:9      | 10227 ||| INVOKING Berserk.
 10241 | D:9      | Reached XP level 11. HP: 75/99 MP: 10/10
 10241 | D:9      | 10241 ||| DRINKING 3 potions of curing.
 10241 | D:9      | 10241 ||| (to cure confusion)
 10394 | D:9      | Found a shimmering altar of Xom.
 10444 | D:9      | Found a glowing golden altar of the Shining One.
 10447 | D:9      | Noticed an angel
 10455 | D:9      | Found a basalt altar of Yredelemnul.
 10457 | D:9      | Noticed a profane servitor
 10475 | D:9      | 10475 ||| PLANNING LAIR
 10475 | D:9      | 10475 ||| UPGRADING to +2 pair of boots.
 10480 | D:9      | 10480 ||| UPGRADING to +0 plate armour.
 10490 | D:9      | 10490 ||| DROPPING +0 chain mail.
 10491 | D:9      | 10491 ||| DROPPING amulet of magic regeneration.
 10492 | D:9      | 10492 ||| READING scroll labelled NADWAUTUIBRA.
 10493 | D:9      | 10493 ||| READING scroll labelled QURERU HUXUECU.
 10494 | D:9      | 10494 ||| DRINKING 2 emerald potions.
 10558 | Lair:1   | Entered Level 1 of the Lair of Beasts
 10559 | Lair:1   | 10559 ||| PLANNING GAUNTLET
 10646 | Lair:1   | Reached ***** piety under Trog
 10707 | Lair:1   | 10707 ||| INVOKING Berserk.
 10791 | Lair:1   | 10791 ||| Stepping ~*~*~tactically~*~*~ (stealth).
 10830 | Lair:1   | Found a gate leading to a gauntlet.
 10831 | Lair:1   | 10831 ||| UPGRADING to +0 cloak.
 10842 | Gauntlet | Entered a Gauntlet
 10842 | Gauntlet | Noticed a fire crab
 10842 | Gauntlet | Noticed a catoblepas
 10842 | Gauntlet | Found a transporter.
 10842 | Gauntlet | Found a transporter.
 10858 | Gauntlet | Found a transporter.
 10862 | Gauntlet | Found a transporter.
 10874 | Gauntlet | Found a transporter.
 10876 | Gauntlet | Found a transporter.
 10882 | Gauntlet | Noticed a ghost crab
 10884 | Gauntlet | Noticed a sixfirhy
 10886 | Gauntlet | Found a transporter.
 10895 | Gauntlet | Noticed a sixfirhy
 10907 | Gauntlet | Found a transporter.
 10908 | Gauntlet | Noticed a dire elephant
 10913 | Gauntlet | Found a transporter.
 10930 | Gauntlet | Found a transporter.
 10930 | Gauntlet | Found a transporter.
 10974 | Gauntlet | Found a transporter.
 11041 | Gauntlet | Killed a fire crab
 11042 | Gauntlet | Reached skill level 9 in Armour
 11180 | Gauntlet | Identified the +2 helmet of Insatiable Hunger {Regen+}
 11193 | Gauntlet | 11193 ||| INVOKING Berserk.
 11201 | Gauntlet | Killed a dire elephant
 11363 | Gauntlet | Identified the ring of Veufosh {rN+ Will- Dex+10}
 11365 | Gauntlet | 11365 ||| DROPPING amulet of faith.
 11378 | Gauntlet | Noticed a minotaur
 11381 | Gauntlet | 11381 ||| INVOKING Berserk.
 11385 | Gauntlet | Killed a minotaur
 11496 | Gauntlet | Identified the +6 trident "Ylehuxto" {vorpal, rC+ Stlth+}
 11545 | Gauntlet | 11545 ||| UPGRADING to +0 pair of gloves of dexterity.
 11555 | Gauntlet | 11555 ||| DROPPING +0 pair of gloves.
 11556 | Gauntlet | 11556 ||| UPGRADING to +2 pair of gloves of strength.
 11566 | Gauntlet | 11566 ||| DROPPING +0 pair of gloves of dexterity.
 11567 | Gauntlet | 11567 ||| UPGRADING to +2 chain mail of poison resistance.
 11577 | Gauntlet | 11577 ||| READING scroll labelled YGAKUG YN KAE.
 11578 | Gauntlet | 11578 ||| READING 2 scrolls of identify.
 11578 | Gauntlet | 11578 ||| IDENTIFYING cyan potion
 11592 | Lair:1   | 11592 ||| PLANNING LAIR
 11681 | Lair:1   | Noticed Sonja
 11682 | Lair:1   | 11682 ||| INVOKING Berserk.
 11693 | Lair:1   | Reached skill level 3 in Throwing
 11696 | Lair:1   | HP: 25/102 [Sonja/+0 short sword of distortion (4)]
 11697 | Lair:1   | 11697 ||| READING 8 scrolls of teleportation.
 11698 | Lair:1   | 11698 ||| DRINKING potion of heal wounds.
 11720 | Lair:1   | 11720 ||| INVOKING Berserk.
 11722 | Lair:1   | Killed Sonja
 12018 | Lair:1   | 12018 ||| INVOKING Berserk.
 12210 | Lair:1   | 12210 ||| INVOKING Berserk.
 12220 | Lair:1   | Reached skill level 12 in Fighting
 12337 | Lair:1   | 12337 ||| INVOKING Berserk.
 12467 | Lair:1   | 12467 ||| Stepping ~*~*~tactically~*~*~ (stealth).
 12486 | Lair:1   | 12486 ||| INVOKING Berserk.
 12591 | Lair:1   | 12591 ||| Stepping ~*~*~tactically~*~*~ (stealth).
 12592 | Lair:1   | 12592 ||| Stepping ~*~*~tactically~*~*~ (stealth).
 12594 | Lair:1   | 12594 ||| Stepping ~*~*~tactically~*~*~ (stealth).
 12595 | Lair:1   | 12595 ||| INVOKING Berserk.
 13000 | Lair:2   | 13000 ||| INVOKING Berserk.
 13124 | Lair:2   | 13124 ||| READING scroll of enchant weapon.
 13124 | Lair:2   | 13124 ||| ENCHANTING +1 war axe of freezing.
 13175 | Lair:2   | 13175 ||| DRINKING potion of cancellation.
 13177 | Lair:2   | Reached XP level 12. HP: 106/115 MP: 11/11
 13622 | Lair:2   | 13622 ||| INVOKING Berserk.
 13629 | Lair:2   | Noticed a seven-headed hydra
 13630 | Lair:2   | 13630 ||| INVOKING Brothers in Arms.
 13631 | Lair:2   | 13631 ||| SWAPPING to +0 morningstar.
 13635 | Lair:2   | 13635 ||| INVOKING Brothers in Arms.
 13636 | Lair:2   | 13636 ||| INVOKING Brothers in Arms.
 13637 | Lair:2   | 13637 ||| INVOKING Brothers in Arms.
 13638 | Lair:2   | 13638 ||| INVOKING Brothers in Arms.
 13639 | Lair:2   | 13639 ||| INVOKING Brothers in Arms.
 13640 | Lair:2   | Killed a seven-headed hydra
 13641 | Lair:2   | 13641 ||| SWAPPING to +2 war axe of freezing.
 13641 | Lair:2   | HP: 28/115 [water moccasin (2)]
 13642 | Lair:2   | 13642 ||| READING 8 scrolls of teleportation.
 13978 | Lair:2   | 13978 ||| Stepping ~*~*~tactically~*~*~ (stealth).
 13980 | Lair:2   | 13980 ||| Stepping ~*~*~tactically~*~*~ (stealth).
 14341 | Lair:2   | 14341 ||| Stepping ~*~*~tactically~*~*~ (stealth).
 14471 | Lair:2   | 14471 ||| READING scroll labelled BOLYFI POIXIESK.
 14556 | Lair:3   | 14556 ||| Stepping ~*~*~tactically~*~*~ (stealth).
 14559 | Lair:3   | 14559 ||| Stepping ~*~*~tactically~*~*~ (hiding).
 14695 | Lair:3   | 14695 ||| READING scroll of enchant armour.
 14695 | Lair:3   | 14695 ||| ENCHANTING +0 cloak.
 14728 | Lair:3   | 14728 ||| FLEEEEING.
 14729 | Lair:3   | 14729 ||| FLEEEEING.
 14730 | Lair:3   | 14730 ||| FLEEEEING.
 14731 | Lair:3   | 14731 ||| FLEEEEING.
 14734 | Lair:3   | 14734 ||| INVOKING Berserk.
 14738 | Lair:3   | Reached skill level 12 in Armour
 14910 | Lair:3   | 14910 ||| Stepping ~*~*~tactically~*~*~ (stealth).
 14986 | Lair:3   | 14986 ||| Stepping ~*~*~tactically~*~*~ (stealth).
 14993 | Lair:3   | 14993 ||| Stepping ~*~*~tactically~*~*~ (hiding).
 15180 | Lair:3   | 15180 ||| INVOKING Berserk.
 15186 | Lair:3   | Reached skill level 15 in Fighting
 15193 | Lair:3   | Found a staircase to the Swamp.
 15385 | Lair:3   | Found a hole to the Spider Nest.
 15488 | Lair:3   | Reached skill level 6 in Dodging
 15578 | Lair:3   | Identified the +0 chain mail "Tifem" {Fly rElec Int+4}
 16129 | Lair:3   | 16129 ||| UPGRADING to +0 chain mail "Tifem" {Fly rElec
                  | Int+4}.
 16194 | Lair:4   | 16194 ||| Stepping ~*~*~tactically~*~*~ (stealth).
 16209 | Lair:4   | 16209 ||| Stepping ~*~*~tactically~*~*~ (stealth).
 16210 | Lair:4   | Found a viscous altar of Jiyva.
 16211 | Lair:4   | Found a staircase to the Slime Pits.
 16212 | Lair:4   | 16212 ||| FLEEEEING.
 16213 | Lair:4   | 16213 ||| FLEEEEING.
 16215 | Lair:4   | 16215 ||| FLEEEEING.
 16216 | Lair:4   | 16216 ||| FLEEEEING.
 16217 | Lair:4   | 16217 ||| FLEEEEING.
 16218 | Lair:4   | 16218 ||| FLEEEEING.
 16219 | Lair:4   | 16219 ||| FLEEEEING.
 16220 | Lair:4   | 16220 ||| FLEEEEING.
 16221 | Lair:4   | 16221 ||| FLEEEEING.
 16222 | Lair:4   | 16222 ||| FLEEEEING.
 16223 | Lair:4   | 16223 ||| FLEEEEING.
 16224 | Lair:4   | 16224 ||| STAIRDANCE
 16260 | Lair:4   | 16260 ||| STAIRDANCE
 16365 | Lair:4   | 16365 ||| INVOKING Berserk.
 16369 | Lair:4   | HP: 41/181 [oklob plant/splash of acid (16)]
 16375 | Lair:4   | Reached XP level 13. HP: 44/128 MP: 12/12
 16376 | Lair:4   | Found a bloodstained altar of Trog.
 16379 | Lair:4   | 16379 ||| READING 7 scrolls of teleportation.
 16381 | Lair:4   | HP: 4/128 [oklob plant/splash of acid (27)]
 16383 | Lair:4   | 16383 ||| READING 6 scrolls of teleportation.
 16817 | Lair:4   | 16817 ||| INVOKING Berserk.
 16927 | Lair:4   | 16927 ||| INVOKING Berserk.
 17443 | Lair:4   | 17443 ||| INVOKING Berserk.
 17766 | Lair:4   | 17766 ||| DROPPING ring of flight.
 17808 | Lair:5   | Entered Level 5 of the Lair of Beasts
 17811 | Lair:5   | 17811 ||| READING scroll of enchant weapon.
 17811 | Lair:5   | 17811 ||| ENCHANTING +2 war axe of freezing.
 17909 | Lair:5   | 17909 ||| Stepping ~*~*~tactically~*~*~ (stealth).
 18009 | Lair:5   | 18009 ||| INVOKING Berserk.
 18150 | Lair:5   | 18150 ||| READING scroll of enchant armour.
 18150 | Lair:5   | 18150 ||| ENCHANTING +1 cloak.
 18170 | Lair:5   | 18170 ||| Stepping ~*~*~tactically~*~*~ (stealth).
 18177 | Lair:5   | 18177 ||| Stepping ~*~*~tactically~*~*~ (stealth).
 18178 | Lair:5   | 18178 ||| Stepping ~*~*~tactically~*~*~ (stealth).
 18179 | Lair:5   | 18179 ||| Stepping ~*~*~tactically~*~*~ (stealth).
 18180 | Lair:5   | 18180 ||| Stepping ~*~*~tactically~*~*~ (stealth).
 18182 | Lair:5   | 18182 ||| INVOKING Berserk.
 18259 | Lair:5   | 18259 ||| Stepping ~*~*~tactically~*~*~ (stealth).
 18264 | Lair:5   | 18264 ||| INVOKING Berserk.
 18339 | Lair:5   | 18339 ||| INVOKING Berserk.
 18350 | Lair:5   | 18350 ||| Stepping ~*~*~tactically~*~*~ (stealth).
 18401 | Lair:5   | 18401 ||| INVOKING Berserk.
 18417 | Lair:5   | 18417 ||| Stepping ~*~*~tactically~*~*~ (stealth).
 18419 | Lair:5   | 18419 ||| Stepping ~*~*~tactically~*~*~ (stealth).
 18428 | Lair:5   | 18428 ||| INVOKING Brothers in Arms.
 18429 | Lair:5   | 18429 ||| INVOKING Brothers in Arms.
 18429 | Lair:5   | HP: 32/132 [hornet (7)]
 18434 | Lair:5   | HP: 30/132 [spriggan/+0 short sword (4)]
 18435 | Lair:5   | 18435 ||| READING 5 scrolls of teleportation.
 18455 | Lair:5   | 18455 ||| INVOKING Brothers in Arms.
 18456 | Lair:5   | 18456 ||| INVOKING Brothers in Arms.
 18457 | Lair:5   | 18457 ||| SWAPPING to +0 morningstar.
 18459 | Lair:5   | 18459 ||| INVOKING Berserk.
 18548 | Lair:5   | 18548 ||| SWAPPING to +3 war axe of freezing.
 18784 | Lair:5   | 18784 ||| INVOKING Berserk.
 19075 | Lair:5   | Identified the ring of Varchav {Wiz rN+ Int+2}
 19094 | Lair:5   | 19094 ||| INVOKING Berserk.
 19410 | Lair:5   | 19410 ||| READING scroll of enchant weapon.
 19410 | Lair:5   | 19410 ||| ENCHANTING +3 war axe of freezing.
 19729 | Lair:5   | 19729 ||| PLANNING D:1-11
 19729 | Lair:5   | 19729 ||| UPGRADING to +0 buckler.
 19734 | Lair:5   | 19734 ||| DROPPING ring of Varchav {Wiz rN+ Int+2}.
 19896 | D:10     | Entered Level 10 of the Dungeon
 19930 | D:10     | 19930 ||| Stepping ~*~*~tactically~*~*~ (stealth).
 19938 | D:10     | Reached skill level 1 in Shields
 19991 | D:10     | 19991 ||| FLEEEEING.
 20128 | D:10     | Found a burning altar of Makhleb.
 20168 | D:10     | Noticed Joseph
 20169 | D:10     | 20169 ||| Stepping ~*~*~tactically~*~*~ (hiding).
 20170 | D:10     | 20170 ||| Stepping ~*~*~tactically~*~*~ (hiding).
 20177 | D:10     | Killed Joseph
 20178 | D:10     | Reached skill level 3 in Shields
 20591 | D:10     | 20591 ||| Stepping ~*~*~tactically~*~*~ (stealth).
 20594 | D:10     | 20594 ||| Stepping ~*~*~tactically~*~*~ (stealth).
 20818 | D:11     | Found Ukigouqe's Distillery.
 20822 | D:11     | 20822 ||| BUYING potion of curing (39 gold).
 20822 | D:11     | Bought a potion of curing for 39 gold pieces
 20822 | D:11     | 20822 ||| BUYING potion of heal wounds (65 gold).
 20822 | D:11     | Bought a potion of heal wounds for 65 gold pieces
 20822 | D:11     | 20822 ||| BUYING potion of heal wounds (65 gold).
 20822 | D:11     | Bought a potion of heal wounds for 65 gold pieces
 20822 | D:11     | 20822 ||| BUYING potion of resistance (130 gold).
 20822 | D:11     | Bought a potion of resistance for 130 gold pieces
 20837 | D:11     | 20837 ||| READING scroll of enchant weapon.
 20837 | D:11     | 20837 ||| ENCHANTING +4 war axe of freezing.
 20863 | D:11     | 20863 ||| Stepping ~*~*~tactically~*~*~ (hiding).
 21003 | D:11     | 21003 ||| Stepping ~*~*~tactically~*~*~ (stealth).
 21004 | D:11     | 21004 ||| Stepping ~*~*~tactically~*~*~ (stealth).
 21098 | D:11     | 21098 ||| Stepping ~*~*~tactically~*~*~ (hiding).
 21099 | D:11     | 21099 ||| Stepping ~*~*~tactically~*~*~ (hiding).
 21113 | D:11     | 21113 ||| Stepping ~*~*~tactically~*~*~ (stealth).
 21149 | D:11     | 21149 ||| Stepping ~*~*~tactically~*~*~ (hiding).
 21155 | D:11     | Received a gift from Trog
 21257 | D:11     | 21257 ||| SWAPPING to +3 antimagic broad axe.
 21258 | D:11     | 21258 ||| DROPPING +5 war axe of freezing.
 21288 | D:11     | Found Moduud's General Store.
 21461 | D:11     | 21461 ||| FLEEEEING.
 21462 | D:11     | 21462 ||| FLEEEEING.
 21467 | D:11     | 21467 ||| FLEEEEING.
 21468 | D:11     | 21468 ||| FLEEEEING.
 21469 | D:11     | 21469 ||| FLEEEEING.
 21470 | D:11     | 21470 ||| FLEEEEING.
 21475 | D:11     | 21475 ||| FLEEEEING.
 21476 | D:11     | 21476 ||| FLEEEEING.
 21477 | D:11     | 21477 ||| FLEEEEING.
 21478 | D:11     | 21478 ||| FLEEEEING.
 21483 | D:11     | 21483 ||| FLEEEEING.
 21657 | D:11     | Reached skill level 6 in Shields
 21794 | D:11     | Found Maderay's Magic Scroll Boutique.
 21802 | D:11     | 21802 ||| BUYING scroll of enchant armour (90 gold).
 21802 | D:11     | Bought a scroll of enchant armour for 90 gold pieces
 21802 | D:11     | 21802 ||| BUYING scroll of enchant armour (90 gold).
 21802 | D:11     | Bought a scroll of enchant armour for 90 gold pieces
 21802 | D:11     | 21802 ||| BUYING scroll of enchant weapon (90 gold).
 21802 | D:11     | Bought a scroll of enchant weapon for 90 gold pieces
 21802 | D:11     | 21802 ||| BUYING scroll of identify (24 gold).
 21802 | D:11     | Bought a scroll of identify for 24 gold pieces
 21802 | D:11     | 21802 ||| BUYING scroll of identify (24 gold).
 21802 | D:11     | Bought a scroll of identify for 24 gold pieces
 21802 | D:11     | 21802 ||| BUYING scroll of identify (24 gold).
 21802 | D:11     | Bought a scroll of identify for 24 gold pieces
 21802 | D:11     | 21802 ||| READING scroll of enchant weapon.
 21802 | D:11     | 21802 ||| ENCHANTING +3 antimagic broad axe.
 22031 | D:11     | Found a staircase to the Orcish Mines.
 22044 | D:11     | 22044 ||| PLANNING D
 22044 | D:11     | 22044 ||| READING scroll labelled DORGHI CEFECH.
 22045 | D:11     | 22045 ||| READING 5 scrolls of teleportation.
 22068 | D:12     | 22068 ||| Stepping ~*~*~tactically~*~*~ (hiding).
 22074 | D:12     | Reached XP level 14. HP: 140/140 MP: 4/13
 22220 | D:12     | 22220 ||| Stepping ~*~*~tactically~*~*~ (stealth).
 22308 | D:12     | 22308 ||| INVOKING Brothers in Arms.
 22310 | D:12     | 22310 ||| INVOKING Berserk.
 22501 | D:12     | 22501 ||| Stepping ~*~*~tactically~*~*~ (stealth).
 22509 | D:12     | 22509 ||| Stepping ~*~*~tactically~*~*~ (stealth).
 23042 | D:12     | 23042 ||| READING 8 scrolls of identify.
 23042 | D:12     | 23042 ||| IDENTIFYING murky inky potion
 23043 | D:12     | 23043 ||| DROPPING potion of magic.
 23098 | D:13     | 23098 ||| INVOKING Berserk.
 23106 | D:13     | Reached skill level 17 in Axes
 23110 | D:13     | Noticed Rupert
 23116 | D:13     | 23116 ||| FLEEEEING.
 23117 | D:13     | 23117 ||| DRINKING 9 potions of curing.
 23117 | D:13     | 23117 ||| (to cure confusion)
 23118 | D:13     | 23118 ||| FLEEEEING.
 23119 | D:13     | 23119 ||| STAIRDANCE
 23253 | D:13     | 23253 ||| INVOKING Trog's Hand.
 23254 | D:13     | 23254 ||| INVOKING Berserk.
 23265 | D:13     | Killed Rupert
 23266 | D:13     | 23266 ||| STAIRDANCE
 23587 | D:13     | 23587 ||| INVOKING Berserk.
 23675 | D:13     | 23675 ||| INVOKING Brothers in Arms.
 23678 | D:13     | 23678 ||| SWAPPING to +0 morningstar.
 23679 | D:13     | 23679 ||| INVOKING Berserk.
 23740 | D:13     | 23740 ||| SWAPPING to +4 antimagic broad axe.
 23800 | D:13     | 23800 ||| Stepping ~*~*~tactically~*~*~ (stealth).
 23922 | D:13     | Found Umuf's Antique Armour Shoppe.
 23946 | D:13     | 23946 ||| BUYING glowing plate armour (650 gold).
 23946 | D:13     | Bought a glowing plate armour for 650 gold pieces
 23946 | D:13     | 23946 ||| BUYING pair of runed boots (187 gold).
 23946 | D:13     | Bought a pair of runed boots for 187 gold pieces
 23946 | D:13     | 23946 ||| SHOPLISTING runed cloak (187 gold, have 60).
 24234 | D:13     | 24234 ||| DROPPING +0 plate armour.
 24235 | D:13     | 24235 ||| DROPPING +2 chain mail of poison resistance.
 24236 | D:13     | 24236 ||| DROPPING +3 chain mail of willpower.
 24237 | D:13     | 24237 ||| UPGRADING to +3 plate armour of fire resistance.
 24247 | D:13     | 24247 ||| DROPPING +0 chain mail "Tifem" {Fly rElec Int+4}.
 24248 | D:13     | 24248 ||| DROPPING +2 pair of boots.
 24249 | D:13     | 24249 ||| READING 2 scrolls of enchant armour.
 24249 | D:13     | 24249 ||| ENCHANTING +3 plate armour of fire resistance.
 24250 | D:13     | 24250 ||| READING scroll of enchant armour.
 24250 | D:13     | 24250 ||| ENCHANTING +4 plate armour of fire resistance.
 24263 | D:14     | Found a gate to the Vaults.
 24265 | D:14     | 24265 ||| INVOKING Berserk.
 24271 | D:14     | Reached skill level 18 in Axes
 24303 | D:14     | 24303 ||| INVOKING Trog's Hand.
 24308 | D:14     | Reached skill level 9 in Shields
 24308 | D:14     | 24308 ||| STAIRDANCE
 24482 | D:14     | 24482 ||| INVOKING Berserk.
 24654 | D:14     | 24654 ||| SWAPPING to +0 morningstar.
 24655 | D:14     | 24655 ||| INVOKING Berserk.
 24663 | D:14     | 24663 ||| SWAPPING to +4 antimagic broad axe.
 24795 | D:14     | 24795 ||| Stepping ~*~*~tactically~*~*~ (hiding).
 24797 | D:14     | Noticed Snorg
 24800 | D:14     | 24800 ||| INVOKING Berserk.
 24806 | D:14     | Killed Snorg
 24842 | D:14     | 24842 ||| FLEEEEING.
 24843 | D:14     | 24843 ||| Stepping ~*~*~tactically~*~*~ (stealth).
 24852 | D:14     | 24852 ||| INVOKING Berserk.
 24965 | D:14     | 24965 ||| Stepping ~*~*~tactically~*~*~ (stealth).
 24969 | D:14     | 24969 ||| INVOKING Berserk.
 25168 | D:14     | 25168 ||| Stepping ~*~*~tactically~*~*~ (hiding).
 25284 | D:14     | Found a glowing golden altar of the Shining One.
 25366 | D:14     | 25366 ||| Stepping ~*~*~tactically~*~*~ (stealth).
 25370 | D:14     | 25370 ||| Stepping ~*~*~tactically~*~*~ (hiding).
 25372 | D:14     | 25372 ||| INVOKING Trog's Hand.
 25626 | D:14     | 25626 ||| INVOKING Berserk.
 25780 | D:14     | 25780 ||| DROPPING +6 ring of strength.
 25791 | D:15     | Entered Level 15 of the Dungeon
 25875 | D:15     | 25875 ||| Stepping ~*~*~tactically~*~*~ (hiding).
 25886 | D:15     | 25886 ||| INVOKING Trog's Hand.
 25887 | D:15     | 25887 ||| INVOKING Berserk.
 25894 | D:15     | Reached skill level 15 in Armour
 26029 | D:15     | 26029 ||| Stepping ~*~*~tactically~*~*~ (stealth).
 26038 | D:15     | Reached XP level 15. HP: 147/147 MP: 4/14
 26107 | D:15     | 26107 ||| INVOKING Trog's Hand.
 26110 | D:15     | 26110 ||| INVOKING Berserk.
 26371 | D:15     | 26371 ||| INVOKING Brothers in Arms.
 26375 | D:15     | 26375 ||| INVOKING Berserk.
 26429 | D:15     | 26429 ||| INVOKING Berserk.
 26453 | D:15     | 26453 ||| FLEEEEING.
 26486 | D:15     | 26486 ||| INVOKING Berserk.
 26532 | D:15     | HP: 25/144 [ice devil[an obsidian statue] (19)]
 26533 | D:15     | 26533 ||| READING 4 scrolls of teleportation.
 26534 | D:15     | 26534 ||| DRINKING 4 potions of heal wounds.
 26541 | D:15     | HP: 36/144 [deep troll (13)]
 26542 | D:15     | 26542 ||| READING 3 scrolls of teleportation.
 26543 | D:15     | 26543 ||| DRINKING 3 potions of heal wounds.
 26875 | D:15     | 26875 ||| INVOKING Berserk.
 26997 | D:15     | 26997 ||| Stepping ~*~*~tactically~*~*~ (stealth).
 27001 | D:15     | 27001 ||| INVOKING Berserk.
 27131 | D:15     | 27131 ||| Stepping ~*~*~tactically~*~*~ (hiding).
 27148 | D:15     | 27148 ||| INVOKING Berserk.
 27196 | D:15     | 27196 ||| DRINKING potion of cancellation.
 27220 | D:15     | 27220 ||| INVOKING Berserk.
 27257 | D:15     | 27257 ||| FLEEEEING.
 27258 | D:15     | 27258 ||| FLEEEEING.
 27277 | D:15     | HP: 31/147 [soul eater[an obsidian statue] (6)]
 27278 | D:15     | 27278 ||| READING 2 scrolls of teleportation.
 27279 | D:15     | 27279 ||| DRINKING 2 potions of heal wounds.
 27600 | D:15     | Found a staircase to the Depths.
 27643 | D:15     | 27643 ||| FLEEEEING.
 27645 | D:15     | 27645 ||| FLEEEEING.
 27646 | D:15     | 27646 ||| FLEEEEING.
 27647 | D:15     | 27647 ||| FLEEEEING.
 27648 | D:15     | 27648 ||| FLEEEEING.
 27649 | D:15     | 27649 ||| FLEEEEING.
 27650 | D:15     | 27650 ||| FLEEEEING.
 27681 | D:15     | 27681 ||| INVOKING Berserk.
 27696 | D:15     | Gained mutation: You sometimes lose your temper in combat.
                  | [a neqoxec]
 27697 | D:15     | Gained mutation: You have an uncontrollable temper. [a
                  | neqoxec]
 27727 | D:15     | 27727 ||| INVOKING Berserk.
 27744 | D:15     | 27744 ||| FLEEEEING.
 27745 | D:15     | 27745 ||| DRINKING 9 potions of mutation.
 27745 | D:15     | Lost mutation: You have an uncontrollable temper. [potion
                  | of mutation]
 27745 | D:15     | Lost mutation: You are clumsy. (Dex -2) [potion of
                  | mutation]
 27745 | D:15     | Lost mutation: You sometimes lose your temper in combat.
                  | [potion of mutation]
 27745 | D:15     | Gained mutation: Your spells are a little harder to cast,
                  | but a little more powerful. [potion of mutation]
 27745 | D:15     | Gained mutation: Armour fits poorly on your strangely
                  | shaped body. [potion of mutation]
 27745 | D:15     | Lost mutation: Your spells are a little harder to cast, but
                  | a little more powerful. [potion of mutation]
 27783 | D:15     | 27783 ||| INVOKING Berserk.
 27819 | D:15     | HP: 28/147 [ice devil[an obsidian statue] (9)]
 27820 | D:15     | 27820 ||| READING scroll of teleportation.
 27821 | D:15     | 27821 ||| DRINKING potion of heal wounds.
 28104 | D:15     | 28104 ||| DRINKING 8 potions of mutation.
 28104 | D:15     | Lost mutation: You have sharp fingernails. [potion of
                  | mutation]
 28104 | D:15     | Lost mutation: Armour fits poorly on your strangely shaped
                  | body. [potion of mutation]
 28104 | D:15     | Gained mutation: You have hidden genetic defects. [potion
                  | of mutation]
 28104 | D:15     | Gained mutation: You expend magic power (3 MP) to
                  | strengthen your wands. [potion of mutation]
 28104 | D:15     | Gained mutation: Your spells are a little harder to cast,
                  | but a little more powerful. [potion of mutation]
 28127 | D:15     | 28127 ||| INVOKING Berserk.
 28145 | D:15     | Gained mutation: Potions are less effective at restoring
                  | your health. [a neqoxec]
 28171 | D:15     | Gained mutation: You are partially covered in iridescent
                  | scales. (AC +2) [a neqoxec]
 28223 | D:15     | 28223 ||| INVOKING Berserk.
 28232 | D:15     | HP: 54/220 [red devil/+0 trident[an obsidian statue] (6)]
 28237 | D:15     | HP: 41/220 [barbs]
 28240 | D:15     | HP: 17/147 [barbs]
 28245 | D:15     | HP: 17/147 [crimson imp[an obsidian statue] (3)]
 28250 | D:15     | HP: 14/147 [burnt (4)]
 28251 | D:15     | HP: 2/147 [ice devil[an obsidian statue] (9)]
 28251 | D:15     | Demolished by an ice devil

Levels and vault maps discovered:
D:1:      dpeg_arrival_pits, layout_basic, chequers_ecumenical_altar_island,
          kennysheep_nondescript, hangedman_glass_teeth
D:2:      layout_loops_corners, kennysheep_pointless_box, uniq_jessica
D:3:      minmay_razor_zed, layout_rooms
D:4:      layout_rooms, nemelex_xobeh_ov_fountains_minmay,
          grunt_temple_overflow_open
D:5:      layout_rooms, lemuel_doored_altar, uniq_grinder
D:6:      layout_cave_pools, kennysheep_little_box,
          pdpol_wu_jian_five_deadly_venoms, mainiacjoe_overflow_six_doors_small
D:7:      layout_basic, fedhas_altar_4, minmay_temple_entry_hall,
          corner_web_ring
D:8:      layout_loops_ring, mainiacjoe_overflow_tiny_flanked, kennysheep_donut,
          minmay_manual_mullet
D:9:      layout_basic, grunt_temple_overflow_holy_war, kennysheep_mini_moat,
          nicolae_overflow_crystal_walls, grunt_lair_entry_orc_guard_hut,
          gammafunk_ghost_necromancy, minivault_8
D:10:     layout_irregular_city, demons_altar, uniq_joseph
D:11:     layout_basic, david_orc_4, serial_shops,
          nicolae_shop_competitors_out_of_business, nicolae_stop_n_shop_2,
          nicolae_shop_hallway_stairs
D:12:     layout_roguey
D:13:     layout_cross, serial_shops, shop_coins, skrybe_limestone_x,
          serial_bayou_pond_c, dreamdust_wishing_well, uniq_rupert
D:14:     layout_roguey, david_vaults_3, nicolae_concentric_dashed_squares_mild,
          nicolae_tso_swordbearing_angel, uniq_snorg
D:15:     hangedman_depths_entry_civil_slaughter, layout_basic,
          roderic_roman_lattice, minmay_protected_statue
Lair:1:   layout_loops_ring, gauntlet_entry_generic, serial_bayou_crossing,
          uniq_sonja
Lair:2:   layout_cave_pods, portal_ice_cave_demonic_guard, lemuel_fruit_tree
Lair:3:   layout_layer_cave, minmay_swamp_entry_reptiles,
          nicolae_spider_entry_non_spiders
Lair:4:   layout_long_grid, minmay_slime_entry_oklob_open, basic_altar,
          lemuel_fruit_fields
Lair:5:   minmay_lair_end_enchanted_forest, layout_layer_cave,
          columned_hall_lemuel

Skill      XL: |  1  2  3  4  5  6  7  8  9 10 11 12 13 14 15 |
---------------+----------------------------------------------+-----
Axes           | 4 5 6 7 8 9 10 12 14 16 18 | 18.0
Fighting       | 4 6 7 9 10 13 15 17 | 17.4
Armour         | 3 4 6 7 10 12 14 15 16 | 16.0
Throwing       | 1 3 4 |  4.7
Dodging        | 4 6 7 |  7.0
Shields        | 6 10 | 10.7

Action                   |  1- 3 |  4- 6 |  7- 9 | 10-12 | 13-15 || total
-------------------------+-------+-------+-------+-------+-------++-------
Melee: Hand axe          |    69 |   132 |   245 |    29 |       ||   475
       Headbutt          |     8 |    18 |    31 |    91 |   211 ||   359
       Punch             |       |       |     2 |     7 |     2 ||    11
       War axe           |       |       |       |   396 |   328 ||   724
       Morningstar       |       |       |       |     4 |     6 ||    10
       Broad axe         |       |       |       |       |   795 ||   795
Throw: Boomerang         |       |       |    12 |    16 |    96 ||   124
       Javelin           |       |       |       |    22 |       ||    22
Invok: Berserk           |       |     5 |     7 |    20 |    37 ||    69
       Trog's Hand       |       |       |     1 |       |     5 ||     6
       Brothers in Arms  |       |       |       |     2 |     5 ||     7
  Use: Scroll            |     4 |     9 |     1 |    12 |    17 ||    43
       Potion            |       |     2 |     2 |     6 |     8 ||    18
Armor: Animal skin       |     1 |       |       |       |       ||     1
       Leather armour    |     6 |       |       |       |       ||     6
       Ring mail         |    10 |    15 |       |       |       ||    25
       Chain mail        |       |    11 |    71 |   154 |   153 ||   389
       Scale mail        |       |     3 |       |       |       ||     3
       Plate armour      |       |       |       |    24 |   425 ||   449
Dodge: Dodged            |    25 |    63 |    85 |   193 |   588 ||   954
Block: Other             |       |       |     7 |    78 |    23 ||   108
       Reflection        |       |       |     1 |     1 |    13 ||    15
       Buckler           |       |       |       |       |   475 ||   475

Table legend:
 A = Non-vault XP
 B = Vault XP
 C = Vault XP percentage of total XP
 D = Non-vault monster count
 E = Vault monster count
 F = Vault count percentage of total count
                 A         B        C        D         E       F
            +---------+---------+-------+---------+---------+-------
      Total |   75746 |   33797 |  30.9 |     392 |     142 |  26.6
            +---------+---------+-------+---------+---------+-------
        D:1 |      26 |       0 |   0.0 |      14 |       0 |   0.0
        D:2 |      64 |      37 |  36.6 |      20 |       1 |   4.8
        D:3 |     276 |      58 |  17.4 |      24 |      12 |  33.3
        D:4 |     690 |       0 |   0.0 |      22 |       0 |   0.0
        D:5 |     388 |     277 |  41.7 |      17 |       1 |   5.6
        D:6 |     682 |       0 |   0.0 |      15 |       0 |   0.0
        D:7 |    3295 |       0 |   0.0 |      22 |       0 |   0.0
        D:8 |    1446 |     135 |   8.5 |      19 |       3 |  13.6
        D:9 |    1399 |    2278 |  62.0 |      16 |      10 |  38.5
       D:10 |    3201 |     851 |  21.0 |      23 |       2 |   8.0
       D:11 |    1945 |     753 |  27.9 |      10 |      16 |  61.5
       D:12 |    5501 |       0 |   0.0 |      18 |       0 |   0.0
       D:13 |    5118 |    1879 |  26.9 |      16 |       1 |   5.9
       D:14 |   11849 |    7109 |  37.5 |      26 |      21 |  44.7
       D:15 |   10127 |    3552 |  26.0 |      24 |       5 |  17.2
     Lair:1 |    4725 |     788 |  14.3 |      19 |       1 |   5.0
     Lair:2 |    5914 |     662 |  10.1 |      26 |       2 |   7.1
     Lair:3 |    6945 |     901 |  11.5 |      27 |      12 |  30.8
     Lair:4 |    3799 |    1747 |  31.5 |      10 |       3 |  23.1
     Lair:5 |    8356 |    8164 |  49.4 |      24 |      44 |  64.7
   Gauntlet |       0 |    4606 | 100.0 |       0 |       8 | 100.0
            +---------+---------+-------+---------+---------+-------
